 Dungeon Crawl Stone Soup version 0.21-a0-426-g98080a9 (webtiles) character file.

35 theanonym the Poker (level 3, -1/29 HPs)
             Began as a Merfolk Fighter on Nov 6, 2017.
             Slain by a worm (4 damage)
             ... on level 2 of the Dungeon.
             The game lasted 00:02:38 (1241 turns).

theanonym the Poker (Merfolk Fighter)               Turns: 1241, Time: 00:02:38

Health: -1/29      AC:  3    Str: 22    XL:     3   Next: 35%
Magic:  3/3        EV:  9    Int:  7    God:
Gold:   23         SH:  9    Dex: 13    Spells: 2/2 levels left

rFire    . . .     SeeInvis .   a - +0 trident
rCold    . . .     Gourm    .   c - +0 shield
rNeg     . . .     Faith    .   l - +0 leather armour
rPois    .         Spirit   .   (no helmet)
rElec    .         Reflect  .   (no cloak)
rCorr    .         Harm     .   (no gloves)
MR       .....                  (no boots)
Stlth    +.........             (no amulet)
HPRegen  0.09/turn              (no ring)
MPRegen  0.08/turn              (no ring)

@: mighty, slowed, very slow
A: change form in water, swift swim, stealthy swim
a: no special abilities


   Skills:
 + Level 3.6 Fighting
 * Level 4.1 Polearms
 - Level 2.1 Armour
 + Level 1.5 Dodging
 + Level 3.3 Shields


You had 2 spell levels left.
You didn't know any spells.

Skill      XL: |  1  2  3 |
---------------+----------+-----
Dodging        | 1 |  1.5
Polearms       | 4 |  4.1
Fighting       | |  3.6
Armour         | |  2.1
Shields        | |  3.3

Action                   || total
-------------------------++-------
Melee: Trident           ||   101
  Use: Potion            ||     4
       Scroll            ||     1
  Eat: Bread ration      ||     1
Armor: Scale mail        ||    16
       Leather armour    ||    10
Dodge: Dodged            ||    25
Block: Shield            ||    33

Inventory:

Hand Weapons
 a - a +0 trident (weapon)
Armour
 b - a +0 scale mail
 c - a +0 shield (worn)
 l - a +0 leather armour (worn)
   (You found it on level 1 of the Dungeon)
Scrolls
 h - 2 scrolls of enchant weapon
 r - a scroll of identify
Comestibles
 k - 3 fruits

Dungeon Overview and Level Annotations

Branches:
Dungeon (2/15)

Altars:

Annotations:
D:2 Natasha


You were on level 2 of the Dungeon.
You were not hungry.

You visited 1 branch of the dungeon, and saw 2 of its levels.

You collected 23 gold pieces.


Message History

You miss the adder. The adder bites you but does no damage.
The adder bites you.
* * * LOW HITPOINT WARNING * * *
You take 1 damage, and have 8/29 hp.
You completely miss the adder. The adder bites you but does no damage.
It was a potion of brilliance.
You feel clever all of a sudden. You block the adder's attack.
The adder barely misses you.
Your shield prevents you from hitting the adder.
The adder bites you.
* * * LOW HITPOINT WARNING * * *
You are lethally poisoned!
The adder poisons you!
You take 4 damage, and have 4/29 hp.
It was a potion of heal wounds.
You feel much better.
You feel sick. You block the adder's attack.
You regained 23 hp, and now have 27/29 hp.
You hit the adder. The adder bites you. The adder closely misses you.
You take 4 damage, and have 23/29 hp.
You miss the adder. The adder closely misses you.
You miss the adder.
You feel sick. The adder bites you but does no damage. The adder misses you.
You take 1 damage, and have 23/29 hp.
You hit the adder. The adder bites you but does no damage.
You barely miss the adder. The adder bites you.
You are more poisoned.
The adder poisons you! The adder closely misses you.
You take 3 damage, and have 20/29 hp.
You hit the adder.
You feel sick. The adder barely misses you.
You take 1 damage, and have 19/29 hp.
You closely miss the adder. The adder bites you.
You are more poisoned.
The adder poisons you! You block the adder's attack.
You take 3 damage, and have 16/29 hp.
It was a potion of curing.
You feel better. The adder closely misses you.
You regained 11 hp, and now have 27/29 hp.
You hit the adder.
You kill the adder!
Your Polearms skill increases to level 4!
You see here a whip.
You see here a mace.
You are feeling very hungry.
Health restored: 29 You can't go down here!
(D) Dungeon
Where to? (Enter - D:1 @ (x,y), ? - help)
There is a stone staircase leading down here.
You eat the bread ration.
That bread ration really hit the spot!
You climb downwards.
Level annotation: Natasha A frilled lizard comes into view.
The frilled lizard hisses angrily.
There is a stone staircase leading up here.
You hit the frilled lizard. You block the frilled lizard's attack.
You puncture the frilled lizard!
You kill the frilled lizard!
No target in view!
No target in view!
You enter a teleport trap!
The teleport trap disappears.
Your surroundings suddenly seem different.
A worm comes into view.
Found a scroll labeled NEJETI FYPH.
You barely miss the worm. You hit the worm. The worm bites you!
You take 10 damage, and have 19/29 hp.
MASSIVE DAMAGE!!
You are too injured to fight recklessly!
You are too injured to fight recklessly!
You are too injured to fight recklessly!
You are too injured to fight recklessly!
You are too injured to fight recklessly!
You barely miss the worm. The worm barely misses you.
You hit the worm but do no damage. You barely miss the worm.
The worm closely misses you.
You puncture the worm! The worm barely misses you.
You hit the worm.
You feel a little less clever now. The worm bites you!
* * * LOW HITPOINT WARNING * * *
You take 11 damage, and have 8/29 hp.
MASSIVE DAMAGE!!
Natasha hisses angrily.
Natasha casts a spell at you.
You feel yourself slow down. Natasha casts a spell at you.
You resist with significant effort.
As you read the scroll labeled NAORPH NUMOT, it crumbles to dust.
It is a scroll of identify.
h - 2 scrolls of enchant weapon;
r - a scroll of identify The worm barely misses you.
Okay, then.
You feel very mighty all of a sudden. Natasha claws you.
* * * LOW HITPOINT WARNING * * *
The worm bites you.
* * * LOW HITPOINT WARNING * * *
You take 6 damage, and have 3/29 hp.
MASSIVE DAMAGE!!
You puncture Natasha! Natasha claws you but does no damage.
The worm bites you but does no damage. x2; You block Natasha's attack.
You puncture Natasha! You block Natasha's attack. You block the worm's attack.
The worm bites you.
You die...

#h# #.# #.#
#.# #######
#w# #.....#
#.###.#....
#>.........
###.###w#....
#.....h@# .
...#.#.#w#
.....#...#.#
....?#.###.#
####.......#
###.###.# #.#
#.# ...


You could see 2 worms and Natasha.

Notes
Turn   | Place    | Note
-------+----------+-------------------------------------------
     0 | D:1      | theanonym the Merfolk Fighter began the quest for the Orb.
     0 | D:1      | Reached XP level 1. HP: 18/18 MP: 1/1
   352 | D:1      | Reached XP level 2. HP: 22/24 MP: 2/2
   438 | D:1      | Reached skill level 1 in Dodging
   443 | D:1      | HP: 10/24 [kobold/short sword (4)]
   788 | D:1      | Reached XP level 3. HP: 26/29 MP: 3/3
  1144 | D:2      | Noticed Natasha
  1153 | D:2      | HP: 14/29 [Natasha/magic dart (6)]
  1161 | D:2      | HP: 11/29 [adder (2)]
  1166 | D:1      | HP: 8/29 [adder (1)]
  1179 | D:1      | Reached skill level 4 in Polearms
  1233 | D:2      | HP: 8/29 [worm (11)]
  1239 | D:2      | HP: 6/29 [Natasha (3)]
  1241 | D:2      | Slain by a worm

Vanquished Creatures
  A gnoll (D:1)
  An adder (D:1)
  2 hobgoblins (D:1)
  A ball python (D:1)
  A bat (D:1)
  3 frilled lizards
  3 goblins (D:1)
  6 kobolds (D:1)
  2 rats (D:1)
20 creatures vanquished.
